 Dungeon Crawl Stone Soup version 0.21.1-1-g345015f (webtiles) character file.

125 kae the Insei (level 4, -7/37 HPs)
             Began as a Demonspawn Monk on Apr 25, 2018.
             Mangled by inc's ghost (12 damage)
             ... on level 3 of the Dungeon.
             The game lasted 00:03:36 (3564 turns).

kae the Insei (Demonspawn Monk)                     Turns: 3564, Time: 00:03:37

Health: -7/37      AC:  4    Str: 12    XL:     4   Next: 82%
Magic:  0/4        EV: 13    Int: 11    God:
Gold:   107        SH:  0    Dex: 19    Spells: 3/3 levels left

rFire    . . .     SeeInvis .     - Unarmed
rCold    . . .     Gourm    .   (no shield)
rNeg     + . .     Faith    .   a - +1 robe
rPois    .         Spirit   +   (no helmet)
rElec    .         Reflect  .   (no cloak)
rCorr    .         Harm     .   n - +0 pair of gloves (curse)
MR       .....                  (no boots)
Stlth    ++........             p - amulet of guardian spirit
HPRegen  0.12/turn              m - ring of positive energy
MPRegen  0.09/turn              h - +3 ring of dexterity

@: no status effects
A: hooves 2, spiny 1
a: no special abilities


You were on level 3 of the Dungeon.
You were not hungry.

You visited 1 branch of the dungeon, and saw 3 of its levels.

You collected 107 gold pieces.

Inventory:

Armour
 a - a +1 robe (worn)
 n - a cursed +0 pair of gloves (worn)
Jewellery
 d - an uncursed ring of ice
 h - a +3 ring of dexterity (right hand)
 m - a ring of positive energy (left hand)
 p - an amulet of guardian spirit (around neck)
Wands
 k - a wand of paralysis (11)
Scrolls
 c - a scroll of remove curse
 f - 2 scrolls of teleportation
Potions
 e - a potion of cancellation {unknown}
 g - a potion of might {unknown}
 i - a potion of degeneration {unknown}
 j - a potion of heal wounds {unknown}
 l - 2 potions of invisibility {unknown}
 o - 2 potions of curing
Comestibles
 b - 3 rations


   Skills:
 + Level 4.0 Fighting
 - Level 2.6 Dodging
 - Level 1.7 Stealth
 * Level 4.5 Unarmed Combat


You had 3 spell levels left.
You didn't know any spells.

Dungeon Overview and Level Annotations

Branches:
Dungeon (3/15)

Altars:
Trog

Annotations:
D:3 inc's ghost, amateur OpFi


Innate Abilities, Weirdness & Mutations

You have hoof-like feet.
You are partially covered in sharp spines.


Message History

You are too injured to fight recklessly!
You closely miss inc's ghost.
Inc's ghost is lightly damaged.
Inc's ghost is struck by your spines. Inc's ghost closely misses you.
You hit inc's ghost but do no damage.
Inc's ghost is moderately damaged.
Inc's ghost barely misses you.
You closely miss inc's ghost. You kick inc's ghost.
Inc's ghost is moderately damaged.
You barely miss inc's ghost.
Inc's ghost is moderately damaged.
Inc's ghost hits you!
You barely miss inc's ghost.
Inc's ghost is moderately damaged.
Inc's ghost hits you!
* * * LOW HITPOINT WARNING * * *
You barely miss inc's ghost.
Inc's ghost is moderately damaged.
Inc's ghost is struck by your spines. Inc's ghost hits you!
You die...

####### ......#
......# #########
......####.....W@#
...........#..####
#########..#[####
#...........#
####.###.#...###
#...####..#.###
(.≈≈.###....#
≈≈≈..##..####
((.._##.##


You could see inc's ghost.

Vanquished Creatures
  4 adders
  2 worms (D:2)
  2 dart slugs
  2 leopard geckos (D:2)
  An orc (D:3)
  A ball python (D:1)
  7 bats
  5 giant cockroaches
  6 goblins
  12 hobgoblins
  9 jackals
  2 frilled lizards (D:1)
  8 kobolds
  7 rats
68 creatures vanquished.

Notes
Turn   | Place    | Note
-------+----------+-------------------------------------------
     0 | D:1      | kae the Demonspawn Monk began the quest for the Orb.
     0 | D:1      | Reached XP level 1. HP: 18/18 MP: 1/1
   222 | D:1      | Gained mutation: You have large cloven feet. [demonic ancestry]
   222 | D:1      | Reached XP level 2. HP: 16/24 MP: 2/2
   931 | D:1      | Gained mutation: You are partially covered in sharp spines. [demonic ancestry]
   931 | D:1      | Reached XP level 3. HP: 29/29 MP: 3/3
  1994 | D:2      | Gained mutation: You have hoof-like feet. [demonic ancestry]
  1994 | D:2      | Reached XP level 4. HP: 32/37 MP: 4/4
  2745 | D:3      | Noticed inc's ghost (amateur OpFi)
  2771 | D:3      | Found a bloodstained altar of Trog.
  3564 | D:3      | Mangled by inc's ghost

Skill      XL: |  1  2  3  4 |
---------------+-------------+-----
Unarmed Combat | 3 4 |  4.5
Fighting       | 4 |  4.0
Dodging        | |  2.6
Stealth        | |  1.7

Action                   |  1- 3 |  4- 6 || total
-------------------------+-------+-------++-------
Melee: Unarmed           |   132 |    63 ||   195
       Kick              |    22 |    12 ||    34
  Use: Scroll            |       |     6 ||     6
 Stab: Sleeping          |     4 |     2 ||     6
       Distracted        |     1 |       ||     1
  Eat: Chunk             |     3 |     3 ||     6
       Ration            |       |     1 ||     1
Armor: Robe              |    12 |    13 ||    25
Dodge: Dodged            |    58 |    60 ||   118
